 Dungeon Crawl Stone Soup version 0.27-a0-660-g90476cec82 (webtiles) character file.

Game seed: 5945090133009469448

5 MalarOregon the Firebug (level 1, 0/11 HPs)
             Began as a Halfling Fire Elementalist on Mar 16, 2021.
             Slain by a jackal (2 damage)
             ... on level 1 of the Dungeon.
             The game lasted 00:00:41 (239 turns).

MalarOregon the Firebug (Halfling Fire Elementalist) Turns: 239, Time: 00:00:42

Health: 0/11       AC:  2    Str:  9    XL:     1   Next: 88%
Magic:  0/3        EV: 14    Int: 13    God:
Gold:   23         SH:  0    Dex: 14    Spells: 2/3 levels left

rFire    . . .     SeeInvis .   b - +0 short sword
rCold    . . .     Faith    .   (shield restricted)
rNeg     . . .     Spirit   .   a - +0 robe
rPois    .         Reflect  .   (no helmet)
rElec    .         Harm     .   (no cloak)
rCorr    .         Rampage  .   (no gloves)
Will     .....                  (no boots)
Stlth    ++........             (no amulet)
HPRegen  0.03/turn              (no ring)
MPRegen  0.08/turn              (no ring)

@: very slightly contaminated
A: small, no large weapons, mutation resistance 1
a: no special abilities


You were on level 1 of the Dungeon.
You visited 1 branch of the dungeon, and saw 1 of its levels.

You collected 23 gold pieces.

Inventory:

Hand Weapons
 b - a +0 short sword (weapon)
   (You took it off a kobold on level 1 of the Dungeon)
Armour
 a - a +0 robe (worn)
Scrolls
 d - a scroll of enchant weapon {unknown}
Potions
 c - a potion of attraction {unknown}


   Skills:
 + Level 0.1 Fighting
 + Level 2.2 Dodging
 - Level 2.1 Stealth
 * Level 1.6 Spellcasting
 * Level 1.0 Conjurations
 * Level 3.1 Fire Magic


You had 2 spell levels left.
You knew the following spells:

 Your Spells              Type           Power      Damage    Failure   Level
a - Foxfire               Conj/Fire      24%        2x1d5     12%         1

Your spell library contained the following spells:

 Spells                   Type           Power      Damage    Failure   Level
 Conjure Flame            Conj/Fire      6%         6-21      34%         3
 Inner Flame              Hex/Fire       5%         N/A       38%         3
 Sticky Flame             Conj/Fire      6%         2d3       75%         4
 Fireball                 Conj/Fire      3%         3d4       97%         5


Dungeon Overview and Level Annotations

Branches:
Dungeon (1/15)

Altars:


Innate Abilities, Weirdness & Mutations

You are small and have problems with some larger weapons.
You are somewhat resistant to further mutation.


Message History

The kobold throws a stone.
The stone hits you.
You conjure some foxfire!
You conjure some foxfire!
The kobold misses you.
You hit the kobold.
You kill the kobold!
The foxfire hits the hobgoblin but does no damage.
The foxfire hits the hobgoblin.
You conjure some foxfire!
The foxfire hits the hobgoblin.
You kill the hobgoblin!
Found 10 gold pieces.
Found a stone staircase leading down.
You now have 23 gold pieces (gained 10).
Found a scroll labelled NEMIONEA UDDOA.
Found a viscous orange potion.
There is a stone staircase leading down here.
Found 23 stones.
c - a viscous orange potion
d - a scroll labelled NEMIONEA UDDOA
Found a whip.
A jackal and a dart slug come into view.
The dart slug launches a dart at you. The slug dart hits you.
Ouch! That really hurt!
* * * LOW HITPOINT WARNING * * *
You are too injured to fight recklessly!
You conjure some foxfire!
The jackal barks!
Unknown command.
You conjure some foxfire!
The foxfire hits the jackal. x2
You conjure some foxfire!
The foxfire hits the jackal.
You kill the jackal!
A jackal comes into view.
Your Conjurations skill increases to level 1!
The foxfire hits the dart slug. x3
A jackal comes into view.
There is a stone staircase leading down here.
You conjure some foxfire!
The foxfire hits the jackal but does no damage.
The foxfire hits the jackal.
The jackal barely misses you. The jackal bites you.
* * * LOW HITPOINT WARNING * * *
The jackal closely misses you. The jackal bites you.
* * * LOW HITPOINT WARNING * * *
The jackal misses you.
You miscast Foxfire.
You are very lightly contaminated with residual magic.
Nothing appears to happen.
The jackal barely misses you. The jackal bites you.
You die...

....#### .......#
.h...#.# ...#.#.#
..##.#.#
..##.#.###########
...w>............#
####.###########h#######.
...............(@........
......###########.#####.
......# #.# ......### #.#
........# #.## #####...#
#..# #...# ##.##
######### #..# #.......#
##.##


You could see a jackal.

Vanquished Creatures
  A hobgoblin (D:1)
  A jackal (D:1)
  2 kobolds (D:1)
  A bat (D:1)
5 creatures vanquished.

Vanquished Creatures (others)
  15 foxfires (D:1)
15 creatures vanquished.

Grand Total: 20 creatures vanquished

Notes
Turn   | Place    | Note
-------+----------+-------------------------------------------
     0 | D:1      | MalarOregon the Halfling Fire Elementalist began the quest
                  | for the Orb.
     0 | D:1      | Reached XP level 1. HP: 11/11 MP: 3/3
   213 | D:1      | Reached skill level 1 in Conjurations
   239 | D:1      | Slain by a jackal

Illustrated notes

Levels and vault maps discovered:
D:1:      ebering_hopf_link, layout_basic

Skill      XL: |  1 |
---------------+----+-----
Conjurations   | 1 |  1.0
Fighting       | |  0.1
Dodging        | |  2.2
Stealth        | |  2.1
Spellcasting   | |  1.6
Fire Magic     | |  3.1

Action                   || total
-------------------------++-------
Melee: Short sword       ||     1
 Cast: Foxfire           ||    10
Dodge: Dodged            ||     6

Table legend: (Time is in decaauts)
 A = Elapsed time spent in this place.
 B = Non-inter-level travel time spent in this place.
 C = Inter-level travel time spent in this place.
 D = Time resting spent in this place.
 E = Time spent auto-exploring this place.
 F = Levels seen in this place.
 G = Mean time per level.
                   A        B        C        D        E       F      G
               +--------+--------+--------+--------+--------+-----+--------+
         Total |    238 |    238 |      0 |     35 |    154 |   1 |  238.0 |
       Dungeon |    238 |    238 |      0 |     35 |    154 |   1 |  238.0 |
               +--------+--------+--------+--------+--------+-----+--------+

Top non-repeatable levels by time:
     D:1: 238 daAuts
